 Dungeon Crawl Stone Soup version 0.18.1-48-g4cf74bf (webtiles) character file.

1235 Peloso the Shield-Bearer (level 8, -4/70 HPs)
             Began as a Minotaur Fighter on Aug 20, 2016.
             Slain by Dickchan's ghost (6 damage)
             ... on level 5 of the Dungeon.
             The game lasted 00:10:45 (3482 turns).

Peloso the Shield-Bearer (Minotaur Fighter)         Turns: 3482, Time: 00:10:46

Health: -4/70      AC: 10    Str: 20    XL:     8   Next: 24%
Magic:  7/7        EV: 16    Int:  5    God:
Gold:   201        SH:  0    Dex: 18    Spells: 0 memorised, 7 levels left

rFire  . . .     SeeInvis .     a - +0 long sword
rCold  . . .     Gourm    .     b - +0 scale mail
rNeg   . . .     Faith    .     c - +0 shield
rPois  .         Spirit   .     (helmet restricted)
rElec  .         Dismiss  .     q - +0 cloak (curse)
rCorr  .         Reflect  .     i - +0 pair of gloves
SustAt .         Harm     .     (no boots)
MR     .....                    t - amulet of rage (curse)
Stlth  +.........               (no ring)
                                l - ring of flight

@: confused, agile, not resistant to hostile enchantments, very unstealthy
A: retaliatory headbutt, horns 2
a: Evoke Berserk Rage, Evoke Flight


You were on level 5 of the Dungeon.
You were not hungry.

You visited 1 branch of the dungeon, and saw 5 of its levels.

You collected 201 gold pieces.

Inventory:

Hand Weapons
 a - a +0 long sword (weapon)
 d - a +1 whip of flaming
Armour
 b - a +0 scale mail (worn)
 c - a +0 shield (worn)
 i - a +0 pair of gloves (worn)
 q - a cursed +0 cloak (worn)
Jewellery
 l - a ring of flight (left hand)
 t - a cursed amulet of rage (around neck)
Scrolls
 e - 5 scrolls of identify {unknown}
 h - a scroll of remove curse {unknown}
 k - 3 scrolls of enchant weapon {unknown}
 m - a scroll of enchant armour {unknown}
 n - a scroll of magic mapping {unknown}
 s - a scroll of random uselessness {unknown}
 u - a scroll of immolation {unknown}
 w - a scroll of blinking {unknown}
 x - a scroll of fear {unknown}
Potions
 j - 2 potions of brilliance {unknown}
 o - a potion of ambrosia {unknown}
 p - a potion of agility
 r - a potion of lignification {unknown}
Comestibles
 f - 3 bread rations
 g - 3 meat rations


   Skills:
 + Level 6.1 Fighting
 + Level 6.0 Long Blades
 + Level 6.4 Armour
 + Level 4.2 Dodging
 + Level 0.3 Stealth
 + Level 6.6 Shields


You had 7 spell levels left.
You didn't know any spells.

Dungeon Overview and Level Annotations

Branches:
Dungeon (5/15)
 Temple: D:4-7

Altars:
Fedhas
Makhleb
Vehumet

Annotations:
D:5 Dickchan's ghost, novice NaFi; Sigmund


Innate Abilities, Weirdness & Mutations

You reflexively headbutt those who attack you in melee.
You have a pair of horns on your head.


Message History

Dickchan's ghost is severely damaged.
Sigmund casts a spell at you. The puff of flame hits you!
Dickchan's ghost hits you but does no damage.
You are electrocuted!
Sigmund gestures at you while chanting.
You are confused.
You bump into the rock wall.
Dickchan's ghost hits you.
You are electrocuted!
* * * LOW HITPOINT WARNING * * *
Unknown command.
Sigmund barely misses you. Dickchan's ghost hits you.
* * * LOW HITPOINT WARNING * * *
You are electrocuted!
* * * LOW HITPOINT WARNING * * *
Drink which item? (? for menu, Esc to quit)
It was a potion of agility.
You feel agile all of a sudden.
Sigmund mumbles some strange words.
Sigmund flickers and vanishes!
Dickchan's ghost hits you.
You die...

#......#...##..#..# #
#......#.#........#.##
#.....................
........†....?........#
.....####..#..#.....###
.... #?.............#
... #.....##....#.## .[
#.##..##....### .
#.##@.?.....#
#.#.W.{........#
#...<.......##.#
#...#..#....# #
#.###......... #.#
#####..>... #.# .####.
### .#


You could see Dickchan's ghost.

Vanquished Creatures
  Pikel (D:4)
  A phantom (D:4)
  The ghost of imphell the Sneak, an amateur KoAs (D:3)
  A scorpion (D:4)
  2 crimson imps
  A gnoll shaman (D:4)
  2 hounds (D:4)
  Crazy Yiuf (D:2)
  An orc wizard (D:3)
  An iguana (D:4)
  2 worker ants (D:4)
  7 adders
  9 gnolls
  A shadow imp (D:5)
  2 oozes (D:2)
  2 adder skeletons
  A worm (D:2)
  3 dart slugs
  A giant gecko (D:2)
  9 orcs
  7 giant cockroaches
  6 goblins
  4 hobgoblins
  10 jackals
  6 bats
  A giant gecko zombie (D:5)
  A giant newt (D:2)
  A jackal zombie (D:5)
  5 kobolds
  9 rats
99 creatures vanquished.

Vanquished Creatures (others)
  A crimson imp (D:4)
  A worm (D:4)
  2 jackals (D:4)
4 creatures vanquished.

Grand Total: 103 creatures vanquished

Notes
Turn   | Place    | Note
--------------------------------------------------------------
     0 | D:1      | Peloso the Minotaur Fighter began the quest for the Orb.
     0 | D:1      | Reached XP level 1. HP: 19/19 MP: 0/0
   180 | D:1      | Reached XP level 2. HP: 24/27 MP: 1/1
   445 | D:2      | Reached XP level 3. HP: 33/33 MP: 2/2
   831 | D:2      | Reached XP level 4. HP: 40/41 MP: 3/3
  1025 | D:2      | Noticed Crazy Yiuf
  1033 | D:2      | Killed Crazy Yiuf
  1033 | D:2      | Reached skill level 1 in Dodging
  1178 | D:3      | Noticed imphell's ghost (amateur KoAs)
  1203 | D:3      | Killed imphell's ghost
  1203 | D:3      | Reached XP level 5. HP: 39/47 MP: 4/4
  1525 | D:3      | Reached skill level 5 in Fighting
  1525 | D:3      | Reached skill level 5 in Shields
  1658 | D:4      | Reached XP level 6. HP: 50/56 MP: 5/5
  1662 | D:4      | Reached skill level 5 in Armour
  1869 | D:4      | Found a blossoming altar of Fedhas.
  2166 | D:4      | Found a radiant altar of Vehumet.
  2173 | D:4      | Found a burning altar of Makhleb.
  2349 | D:4      | Reached XP level 7. HP: 47/61 MP: 6/6
  2376 | D:4      | Noticed Pikel
  2414 | D:4      | Killed Pikel
  2414 | D:4      | Reached skill level 5 in Long Blades
  2414 | D:4      | Reached XP level 8. HP: 14/70 MP: 7/7
  3274 | D:5      | Entered Level 5 of the Dungeon
  3289 | D:5      | Noticed Sigmund
  3293 | D:5      | Noticed Dickchan's ghost (novice NaFi)
  3481 | D:5      | HP: 1/70 [Dickchan's ghost (18)]
  3482 | D:5      | Slain by Dickchan's ghost

Skill      XL: |  1  2  3  4  5  6  7  8 |
---------------+-------------------------+-----
Fighting       | 4 5 6 |  6.1
Shields        | 4 5 6 |  6.6
Armour         | 4 5 6 |  6.4
Long Blades    | 3 4 5 6 |  6.0
Dodging        | 1 2 3 4 |  4.2
Stealth        | |  0.3

Action                   |  1- 3 |  4- 6 |  7- 9 || total
-------------------------+-------+-------+-------++-------
Melee: Long sword        |    86 |   156 |    91 ||   333
       Headbutt          |    11 |    28 |    12 ||    51
       Unarmed           |       |       |     6 ||     6
  Use: Potion            |       |       |     2 ||     2
  Eat: Chunk             |       |     5 |     2 ||     7
       Beef jerky        |       |       |     1 ||     1
Armor: Scale mail        |    26 |    60 |    32 ||   118
       Skin              |       |       |     5 ||     5
Dodge: Dodged            |    36 |    30 |    45 ||   111
Block: Shield            |    54 |    73 |    49 ||   176
